 Dungeon Crawl Stone Soup version 0.23.1-37-gaa34b87 (webtiles) character file.

Game seed: 5585085160638021432

7177 Irenicus the Geomancer (level 10, -13/75 HPs)
             Began as a Deep Dwarf Earth Elementalist on Mar 22, 2019.
             Was a High Priest of Makhleb.
             Mangled by an orc warrior
             ... wielding a +0 glaive
              (22 damage)
             ... on level 9 of the Dungeon.
             The game lasted 00:40:57 (4550 turns).

Irenicus the Geomancer (DDEE)                       Turns: 4550, Time: 00:40:58

Health: -13/75     AC: 14    Str: 15    XL:     10   Next: 86%
Magic:  18/18      EV: 10    Int: 18    God:    Makhleb [*****.]
Gold:   220        SH:  0    Dex: 19    Spells: 9/21 levels left

rFire    + . .     SeeInvis .   x - +5 dagger (venom)
rCold    . . .     Gourm    .   (no shield)
rNeg     . . .     Faith    .   q - +4 scale mail of Omission {rF+ MR+ Str+2}
rPois    .         Spirit   .   (no helmet)
rElec    .         Reflect  .   y - +0 cloak
rCorr    .         Harm     .   s - +1 pair of gloves
MR       ++...                  C - +0 pair of boots
Stlth    +++.......             w - amulet of magic regeneration
HPRegen  0.00/turn              c - +4 ring of dexterity
MPRegen  0.41/turn              l - +4 ring of slaying

@: non-regenerating
A: damage resistance, heal wounds, talons 1, agile 1, sense surroundings 2, no
regeneration
a: Heal Wounds, Minor Destruction, Lesser Servant of Makhleb, Major Destruction,
Greater Servant of Makhleb, Renounce Religion


You were on level 9 of the Dungeon.
You worshipped Makhleb.
Makhleb was extremely pleased with you.
You were hungry.

You visited 1 branch of the dungeon, and saw 9 of its levels.

You collected 550 gold pieces.
You spent 330 gold pieces at shops.

Inventory:

Hand Weapons
 x - a +5 dagger of venom (weapon)
   (You found it on level 7 of the Dungeon)
Missiles
 n - 128 stones (quivered)
Armour
 q - the +4 scale mail of Omission (worn) {rF+ MR+ Str+2}
   (You found it on level 5 of the Dungeon)

   It affects your strength (+2).
   It protects you from fire.
   It affects your resistance to hostile enchantments.
 s - a +1 pair of gloves (worn)
   (You found it on level 4 of the Dungeon)
 y - a +0 cloak (worn)
   (You took it off Crazy Yiuf on level 6 of the Dungeon)
 C - a +0 pair of boots (worn)
   (You found it on level 9 of the Dungeon)
Jewellery
 b - the ring of Xom's Passing Interest {rN+ Str-2}
   (You found it on level 4 of the Dungeon)

   [ring of strength]

   It affects your strength (-2).
   It protects you from negative energy.
 c - a +4 ring of dexterity (left hand)
   (You found it on level 6 of the Dungeon)
 h - an uncursed ring of stealth {Stlth+}
   (You found it on level 2 of the Dungeon)
 l - a +4 ring of slaying (right hand)
   (You found it on level 7 of the Dungeon)
 w - an amulet of magic regeneration (around neck)
   (You bought it in a shop on level 6 of the Dungeon)
Wands
 t - a wand of acid (2)
   (You found it on level 5 of the Dungeon)
 v - a wand of flame (45)
   (You found it on level 7 of the Dungeon)
 A - a wand of paralysis (14)
   (You took it off a crimson imp on level 8 of the Dungeon)
 B - a wand of random effects (13)
   (You took it off Maurice on level 8 of the Dungeon)
Scrolls
 a - 4 scrolls of identify
 i - 8 scrolls of remove curse
 j - 3 scrolls of teleportation
 k - a scroll of magic mapping {!r}
 p - a scroll of amnesia
 r - 3 scrolls of fog
 u - a scroll of blinking {unknown}
 D - a scroll of vulnerability {unknown}
Potions
 e - a potion of magic
 f - 3 potions of heal wounds
 g - a potion of flight
 m - a potion of haste
 o - 2 potions of brilliance
 z - a potion of berserk rage {!q}
Comestibles
 d - 22 rations


   Skills:
 * Level 5.7 Short Blades
 - Level 2.1 Dodging
 - Level 9.6 Stealth
 - Level 6.2 Spellcasting
 - Level 3.3 Conjurations
 + Level 5.1 Translocations
 - Level 0.8 Transmutations
 - Level 13.1 Earth Magic


You had 9 spell levels left.
You knew the following spells:

 Your Spells              Type           Power        Failure   Level  Hunger
a - Sandblast             Erth           ######       1%          1    None
g - Apportation           Tloc           ###...       6%          1    None
w - Passwall              Tmut/Erth      ####....     4%          2    None
x - Stone Arrow           Conj/Erth      #####.       4%          3    ##.....
z - Lee's Rapid Deconstr  Erth           ######....   6%          5    #####..

Your spell library contained the following spells:

 Spells                   Type           Power        Failure   Level  Hunger
 Petrify                  Tmut/Erth      ####....     26%         4    ####...
 Animate Skeleton         Necr           N/A          45%         1    None
 Confusing Touch          Hex            #.....       45%         1    None
 Corona                   Hex            #......      45%         1    None
 Summon Small Mammal      Summ           #...         45%         1    None
 Ensorcelled Hibernation  Hex/Ice        #.....       58%         2    None
 Dazzling Spray           Conj/Hex       ##....       58%         3    ##.....
 Confuse                  Hex            #.......     83%         3    ##.....
 Tukima's Dance           Hex            #.......     83%         3    ##.....


Dungeon Overview and Level Annotations

Branches:
Dungeon (9/15)             Temple (0/1) D:4            Lair (0/6) D:9
    Orc (0/2) D:9

Altars:
Cheibriados
Elyvilon
Hepliaklqana
Makhleb
Ru
Vehumet
Zin

Shops:
D:6 =

Annotations:
D:2 Terence
D:3 exclusion: upstairs


Innate Abilities, Weirdness & Mutations

You are resistant to damage.
You can heal yourself by infusing magical energy.
You passively map the area around you.
You do not regenerate.
You have sharp toenails.
You are agile. (Dex +2)


Message History

You hit the worker ant.
The worker ant is poisoned.
The worker ant completely misses you.
A rock wall.
The wall shatters!
The blast of rock fragments hits the orc priest!
You kill the orc priest!
Makhleb accepts your kill.
You feel better.
The blast of rock fragments hits the troll!!
The blast of rock fragments hits the worker ant!!
You kill the worker ant!
Makhleb accepts your kill.
You feel better.
Health restored: 75 You now have 6/18 mp.
You hit the troll. The troll bites you. The troll claws you but does no damage.
The troll closely misses you.
You closely miss the troll. The troll bites you.
The troll claws you but does no damage. The troll claws you.
You take 7 damage, and have 68/75 hp.
The blast of sand hits the troll!!
You kill the troll!
Makhleb accepts your kill.
You feel better.
Your Translocations skill increases to level 5!
n - 130 stones Health restored: 75 You can't see any susceptible monsters within range! (Use Z to cast anyway.)
You closely miss the orc priest.
A two-headed ogre comes into view.
It is wielding a +0 giant spiked club and a +0 giant club.
You puncture the orc priest!
The orc priest invokes the aid of Beogh against you.
Beogh smites you!
You take 10 damage, and have 65/75 hp.
Aim: an orc priest, wielding a +0 mace (heavily wounded)
The blast of sand hits the orc priest.
n - 129 stones The orc priest hits you with a +0 mace.
You now have 7/18 mp.
You closely miss the orc priest.
Aim: an orc priest, wielding a +0 mace (almost dead)
The blast of sand hits the orc priest.
You kill the orc priest!
Makhleb accepts your kill.
You feel better.
n - 128 stones The two-headed ogre hits you with a +0 giant spiked club!!
The two-headed ogre hits you with a +0 giant club!
You take 19 damage, and have 46/75 hp.
MASSIVE DAMAGE!!
You now have 7/18 mp.
You see here a +0 mace.
Okay, then.
There is an open door here.
Things that are here:
a +0 whip of electrocution; a +0 ring mail The orc warrior shouts!
The orc warrior hits you from afar with a +0 glaive!
You take 15 damage, and have 31/75 hp.
The orc warrior hits you with a +0 glaive!!
* * * LOW HITPOINT WARNING * * *
You take 19 damage, and have 12/75 hp.
MASSIVE DAMAGE!!
Okay, then.
As you read the scroll of fear, it crumbles to dust.
You assume a fearsome visage.
The orc warrior looks frightened!
The two-headed ogre looks frightened!
There is an open door here.
A hound comes into view.
You close the door.
The hound misses you. The hound bites you.
There is an open door here.
The hound bites you. The hound bites you but does no damage.
A two-headed ogre opens the door.
The hound closely misses you. The hound bites you but does no damage.
You open the door. The hound bites you but does no damage.
The hound misses you.
There is an open door here.
MP restored: 18
Items here: †††† a killer bee corpse x4
You hit the hound. The hound bites you but does no damage.
You hit the hound.
The hound is poisoned.
The hound bites you but does no damage. The hound closely misses you.
There is an open door here.
Things that are here:
a killer bee corpse x2
You see here a queen bee corpse.
The hound closely misses you.
You kill the hound!
Makhleb accepts your kill.
You see here a short sword.
There is an open door here.
You are feeling hungry.
There is an open door here.
The orc warrior shouts!
The orc warrior hits you from afar with a +0 glaive!
* * * LOW HITPOINT WARNING * * *
You take 3 damage, and have 9/75 hp.
The orc warrior hits you from afar with a +0 glaive!!
You die...

.......# #.........#**
, ,
.O.....######.........#
*
.......))...#.†.......#
*** ,
.......####.'.......(.#
* ########
###.........# * ,
##...###### *
######o..## *,
###########.......<.# *
#.........O.....@..>#
*,
..#########†........# *
### #......>..# , ,
#.........# ,
#.........# **,,,, ,,
#.........# ,
#.........# , ,
#.........+ * *
#.........#*


You could see a two-headed ogre and an orc warrior.

Vanquished Creatures
  Erica (D:8)
  Pikel (D:8)
  Maurice (D:8)
  The ghost of pjoxt the Firebug, a novice GrFE of Hepliaklqana (D:6)
  A troll (D:9)
  A queen bee (D:9)
  A hungry ghost (D:7)
  Grum (D:8)
  An eye of draining (D:8)
  A slave (D:8)
  3 ogres
  4 ice beasts
  2 sky beasts
  4 wolves (D:8)
  2 centaurs
  6 bullfrogs
  2 scorpions (D:7)
  24 killer bees (D:9)
  5 wights (D:7)
  3 crimson imps
  5 quasits
  6 hounds
  A jelly (D:8)
  5 orc priests
  Crazy Yiuf (D:6)
  A bullfrog skeleton (D:4)
  3 centaur skeletons
  2 iguanas
  Natasha (thrice) (D:2)
  7 orc wizards
  8 worker ants
  A hound zombie (D:5)
  3 hound skeletons
  A worker ant zombie (D:7)
  14 adders
  2 shadow imps
  An ooze (D:4)
  An adder skeleton (D:4)
  2 dart slugs
  6 leopard geckos
  34 orcs
  2 ball pythons
  9 bats
  6 giant cockroaches
  6 goblins
  9 hobgoblins
  10 jackals
  6 kobolds
  6 quokkas
  9 frilled lizards
  A quokka skeleton (D:5)
  9 rats
245 creatures vanquished.

Notes
Turn   | Place    | Note
-------+----------+-------------------------------------------
     0 | D:1      | Irenicus the Deep Dwarf Earth Elementalist began the quest
                  | for the Orb.
     0 | D:1      | Reached XP level 1. HP: 15/15 MP: 3/3
    68 | D:1      | Reached skill level 2 in Spellcasting
    91 | D:1      | Reached XP level 2. HP: 14/22 MP: 0/5
   333 | D:1      | Learned a level 2 spell: Passwall
   405 | D:2      | Reached skill level 5 in Earth Magic
   480 | D:2      | Reached XP level 3. HP: 14/28 MP: 6/6
   556 | D:2      | Noticed Natasha
   558 | D:2      | Found a burning altar of Makhleb.
   560 | D:2      | Killed Natasha
   561 | D:2      | Reached skill level 6 in Earth Magic
   571 | D:2      | Became a worshipper of Makhleb the Destroyer
   634 | D:2      | Reached XP level 4. HP: 19/36 MP: 0/7
   658 | D:2      | Noticed Natasha
   666 | D:2      | HP: 9/36 [Natasha (7)]
   668 | D:2      | Gained mutation: You can translocate small distances at
                  | will. [potion of mutation]
   668 | D:2      | Lost mutation: You can translocate small distances at will.
                  | [potion of mutation]
   668 | D:2      | Gained mutation: Armour fits poorly on your strangely
                  | shaped body. [potion of mutation]
   668 | D:2      | Gained mutation: You have a pair of small antennae on your
                  | head. [potion of mutation]
   671 | D:2      | Killed Natasha
   696 | D:2      | Noticed Terence
   760 | D:2      | HP: 9/36 [Terence/+0 falchion (6)]
  1017 | D:3      | HP: 8/36 [adder (1)]
  1018 | D:3      | Reached skill level 7 in Earth Magic
  1048 | D:3      | HP: 5/36 [orc (3)]
  1255 | D:3      | Reached XP level 5. HP: 18/42 MP: 1/8
  1399 | D:3      | Reached skill level 8 in Earth Magic
  1410 | D:3      | Reached * piety under Makhleb
  1437 | D:2      | Found a radiant altar of Vehumet.
  1516 | D:2      | Noticed Natasha
  1520 | D:2      | Killed Natasha
  1622 | D:2      | Found a hazy altar of Hepliaklqana.
  1647 | D:3      | Found a glowing silver altar of Zin.
  1728 | D:4      | Reached XP level 6. HP: 14/49 MP: 4/9
  1800 | D:4      | HP: 7/49 [orc priest/divine providence (11)]
  1801 | D:4      | Reached skill level 9 in Earth Magic
  1806 | D:4      | HP: 4/49 [orc wizard/+0 dagger (3)]
  1869 | D:4      | HP: 10/49 [orc wizard/magic dart (6)]
  1884 | D:4      | HP: 9/49 [orc wizard/+0 dagger (4)]
  1892 | D:4      | Reached skill level 10 in Earth Magic
  1927 | D:4      | Reached skill level 1 in Short Blades
  1927 | D:4      | Reached XP level 7. HP: 16/55 MP: 3/10
  1932 | D:4      | Learned a level 3 spell: Stone Arrow
  1953 | D:4      | HP: 13/55 [adder (2)]
  1955 | D:4      | Reached ** piety under Makhleb
  1974 | D:4      | Found a staircase to the Ecumenical Temple.
  2004 | D:4      | Got a scintillating turquoise ring
  2008 | D:4      | Identified the cursed ring of Xom's Passing Interest {rN+
                  | Str-2} (You found it on level 4 of the Dungeon)
  2117 | D:4      | HP: 11/55 [orc (2)]
  2121 | D:4      | HP: 4/55 [worker ant (2)]
  2181 | D:4      | HP: 13/55 [hound (2)]
  2186 | D:4      | HP: 8/55 [adder skeleton (2)]
  2190 | D:4      | Reached skill level 2 in Short Blades
  2192 | D:4      | HP: 9/82 [ooze (3)]
  2198 | D:4      | HP: 4/55 [hound (2)]
  2243 | D:5      | Entered Level 5 of the Dungeon
  2301 | D:5      | Reached skill level 3 in Stealth
  2321 | D:5      | HP: 13/55 [orc/+0 club (1)]
  2423 | D:6      | Reached skill level 4 in Stealth
  2464 | D:7      | Found a sacrificial altar of Ru.
  2522 | D:7      | Learned a level 5 spell: Lee's Rapid Deconstruction
  2586 | D:7      | HP: 12/55 [worker ant (3)]
  2604 | D:7      | HP: 12/55 [bullfrog (2)]
  2606 | D:7      | HP: 5/55 [bullfrog (5)]
  2613 | D:7      | Reached skill level 5 in Stealth
  2657 | D:7      | Found a snail-covered altar of Cheibriados.
  2748 | D:7      | Reached skill level 3 in Spellcasting
  2789 | D:7      | HP: 12/55 [something (2)]
  2797 | D:7      | Reached skill level 1 in Conjurations
  2823 | D:7      | HP: 9/55 [ice beast (10)]
  2824 | D:7      | HP: 1/55 [ice beast (8)]
  2826 | D:7      | Reached XP level 8. HP: 1/62 MP: 2/12
  2847 | D:6      | Found a transporter.
  2850 | D:6      | Noticed pjoxt's ghost (novice GrFE)
  2860 | D:5      | Reached skill level 2 in Conjurations
  2891 | D:5      | Reached skill level 4 in Spellcasting
  2913 | D:5      | Reached skill level 3 in Conjurations
  2927 | D:5      | Got a shimmering scale mail
  2938 | D:5      | Identified the +4 scale mail of Omission {rF+ MR+ Str+2}
                  | (You found it on level 5 of the Dungeon)
  2946 | D:5      | Reached *** piety under Makhleb
  2982 | D:5      | Found a white marble altar of Elyvilon.
  3105 | D:6      | Reached skill level 6 in Stealth
  3115 | D:6      | Reached skill level 7 in Stealth
  3210 | D:6      | Found a transporter.
  3247 | D:6      | Found Bawih's Jewellery Boutique.
  3252 | D:6      | Bought an uncursed amulet of magic regeneration for 330
                  | gold pieces
  3285 | D:6      | Found a runed translucent door.
  3286 | D:6      | Noticed Crazy Yiuf
  3291 | D:6      | Killed Crazy Yiuf
  3341 | D:6      | Reached skill level 8 in Stealth
  3356 | D:6      | Killed pjoxt's ghost
  3356 | D:6      | Reached skill level 9 in Stealth
  3356 | D:6      | Gained mutation: You passively map the area around you.
                  | [Deep Dwarf growth]
  3356 | D:6      | Reached XP level 9. HP: 58/68 MP: 0/14
  3545 | D:7      | Reached skill level 5 in Spellcasting
  3584 | D:7      | Reached skill level 11 in Earth Magic
  3806 | D:7      | Reached **** piety under Makhleb
  3841 | D:8      | Noticed Erica
  3846 | D:8      | Killed Erica
  3846 | D:8      | Reached skill level 13 in Earth Magic
  3881 | D:8      | Reached XP level 10. HP: 75/75 MP: 5/16
  3908 | D:8      | Noticed Grum
  3910 | D:8      | Killed Grum
  3915 | D:8      | Reached skill level 3 in Short Blades
  4017 | D:8      | Noticed Pikel
  4025 | D:8      | Killed Pikel
  4025 | D:8      | Reached skill level 4 in Short Blades
  4031 | D:8      | Learned a level 1 spell: Apportation
  4131 | D:8      | Noticed Maurice
  4136 | D:8      | Killed Maurice
  4136 | D:8      | Reached skill level 2 in Translocations
  4241 | D:9      | Got a transparent scale mail
  4243 | D:9      | Identified the +1 scale mail of Mas Gaph {rF+} (You found
                  | it on level 9 of the Dungeon)
  4305 | D:9      | Reached skill level 6 in Spellcasting
  4335 | D:9      | Reached skill level 3 in Translocations
  4345 | D:9      | Reached skill level 4 in Translocations
  4347 | D:9      | Reached ***** piety under Makhleb
  4363 | D:9      | Reached skill level 5 in Short Blades
  4428 | D:9      | Found a staircase to the Lair.
  4464 | D:9      | Lost mutation: You have a pair of small antennae on your
                  | head. [potion of mutation]
  4464 | D:9      | Lost mutation: Armour fits poorly on your strangely shaped
                  | body. [potion of mutation]
  4464 | D:9      | Gained mutation: You have sharp toenails. [potion of
                  | mutation]
  4464 | D:9      | Gained mutation: You are agile. (Dex +2) [potion of
                  | mutation]
  4479 | D:9      | Reached skill level 5 in Translocations
  4484 | D:9      | Noticed a two-headed ogre
  4495 | D:9      | HP: 12/75 [orc warrior/+0 glaive (19)]
  4549 | D:9      | HP: 9/75 [orc warrior/+0 glaive (3)]
  4550 | D:9      | Mangled by an orc warrior

Skill      XL: |  1  2  3  4  5  6  7  8  9 10 |
---------------+-------------------------------+-----
Spellcasting   | 2 3 4 5 6 |  6.2
Earth Magic    | 5 6 7 8 10 13 | 13.1
Short Blades   | 1 2 5 |  5.7
Stealth        | 5 9 |  9.6
Conjurations   | 1 3 |  3.3
Translocations | 5 |  5.1
Dodging        | |  2.1
Transmutations | |  0.8

Action                   |  1- 3 |  4- 6 |  7- 9 | 10-12 || total
-------------------------+-------+-------+-------+-------++-------
Melee: Club              |    35 |    14 |       |       ||    49
       Rapier            |       |    88 |   125 |       ||   213
       Dagger            |       |       |    11 |    61 ||    72
 Cast: Sandblast         |    33 |    83 |    32 |    16 ||   164
       Passwall          |     3 |    18 |     8 |    18 ||    47
       Stone Arrow       |       |       |    45 |    17 ||    62
       Lee's Rapid Decon |       |       |    13 |    10 ||    23
       Apportation       |       |       |       |    17 ||    17
 Abil: Heal Wounds       |     1 |     3 |     4 |       ||     8
Evoke: Wand              |       |       |     3 |       ||     3
  Use: Potion            |       |     6 |     3 |     1 ||    10
       Scroll            |       |     5 |     8 |     5 ||    18
 Stab: Sleeping          |     5 |     6 |    12 |     3 ||    26
       Distracted        |       |       |       |     1 ||     1
  Eat: Chunk             |       |     7 |     6 |     3 ||    16
       Ration            |       |       |     3 |     1 ||     4
Armor: Robe              |     7 |     1 |       |       ||     8
       Leather armour    |       |     4 |    25 |       ||    29
       Skin              |       |       |    41 |       ||    41
       Scale mail        |       |       |    21 |    46 ||    67
Dodge: Dodged            |    27 |    68 |   107 |    46 ||   248

Levels and vault maps discovered:
D:1:      dpeg_arrival_long_road, layout_rooms, chequers_decorated_corner
D:2:      layout_basic, nicolae_overflow_crystal_walls,
          lemuel_coloured_pillars_altar, old_standard_altar,
          minmay_rat_gold_closets, uniq_natasha, uniq_terence
D:3:      layout_loops_ring, zin_scriptorium, hangedman_glass_teeth
D:4:      minmay_chambers_of_threes, layout_rooms,
          minmay_temple_entry_offerings, first_ration
D:5:      layout_basic, elyvilon_altar_5, minmay_bent
D:6:      layout_rooms, gammafunk_ghost_stat_death, serial_shops,
          kennysheep_little_box, uniq_crazy_yiuf_cottage
D:7:      minmay_clustersquares, layout_basic, lemuel_crystal_altar,
          old_standard_altar
D:8:      layout_basic, minmay_misc_feat_encased, uniq_pikel, uniq_maurice,
          uniq_erica, uniq_grum
D:9:      layout_roguey [special_room_bee], doesnt_xom_only_xom,
          lair_entry_dummy, orc_0_dummy

Table legend:
 A = Turns spent in this place as a percentage of turns spent in the entire game.
 B = Non-inter-level travel turns spent in this place as a percentage of non-inter-level travel turns spent in the entire game.
 C = Inter-level travel turns spent in this place as a percentage of turns spent in this place.
 D = Turns resting spent in this place as a percentage of non-inter-level travel turns spent in this place.
 E = Turns spent auto-exploring this place as a percentage of non-inter-level travel turns spent in this place.
 F = Non-inter-level travel turns spent in this place divided by the number of levels of this place that you've seen.
                   A       B       C       D       E      F
               +-------+-------+-------+-------+-------+----------------------
         Total | 100.0 | 100.0 |   0.0 |   0.0 |   0.0 | 505.6
       Dungeon | 100.0 | 100.0 |   0.0 |   0.0 |   0.0 | 505.6
               +-------+-------+-------+-------+-------+----------------------

Table legend:
 A = Kills in this place as a percentage of kills in entire the game.
 B = Kills by you in this place as a percentage of kills by you in the entire game.
 C = Kills by friends in this place as a percentage of kills by friends in the entire game.
 D = Other kills in this place as a percentage of other kills in the entire game.
 E = Experience gained in this place as a percentage of experience gained in the entire game.
 F = Experience gained in this place divided by the number of levels of this place that you have seen.
                   A       B       C       D       E      F
               +-------+-------+-------+-------+-------+----------------------
         Total | 100.0 | 100.0 |   N/A |   N/A | 100.0 | 1139.2
       Dungeon | 100.0 | 100.0 |   N/A |   N/A | 100.0 | 1139.2
               +-------+-------+-------+-------+-------+----------------------
